 Dungeon Crawl Stone Soup version 0.28-a0-1080-g05a166d0ed (webtiles) character file.

Game seed: 8148078483409449636

575 leviel the Skirmisher (level 7, 0/58 (63) HPs)
             Began as a Hill Orc Fighter on Dec 9, 2021.
             Slain by a wight (8 damage)
             ... on level 5 of the Dungeon.
             The game lasted 00:06:03 (4283 turns).

leviel the Skirmisher (Hill Orc Fighter)            Turns: 4283, Time: 00:06:04

HP:   0/58 (63)     AC:  7    Str: 21    XL:     7   Next: 35%
MP:   7/7           EV: 13    Int:  8    God:
Gold: 142           SH:  5    Dex: 10    Spells: 6/6 levels left

rFire   . . .      SeeInvis .   a - +0 long sword (venom)
rCold   . . .      Faith    .   c - +1 buckler
rNeg    . . .      Spirit   .   b - +0 scale mail
rPois   .          Reflect  .   (no helmet)
rElec   .          Harm     .   (no cloak)
rCorr   .          Rampage  .   (no gloves)
Will    .....                   (no boots)
Stlth   ..........              (no amulet)
HPRegen 0.19/turn               f - +4 ring of evasion
MPRegen 0.10/turn               (no ring)

@: drained
A: no striking features
a: no special abilities


You were on level 5 of the Dungeon.
You visited 1 branch of the dungeon, and saw 5 of its levels.

You collected 142 gold pieces.

Inventory:

Hand Weapons
 a - a +0 long sword of venom (weapon)
Armour
 b - a +0 scale mail (worn)
 c - a +1 buckler (worn)
Jewellery
 f - a +4 ring of evasion (left hand)
Wands
 e - a wand of iceblast (8)
 g - a wand of polymorph (7)
Scrolls
 h - a scroll of fog {unknown}
 j - a scroll of teleportation {unknown}
Potions
 d - a potion of might
 i - a potion of cancellation {unknown}


   Skills:
 + Level 6.2 Fighting
 + Level 5.0 Long Blades
 + Level 5.6 Armour
 - Level 4.0 Shields


You had 6 spell levels left.
You didn't know any spells.
Your spell library contained the following spells:

 Spells                   Type           Power      Damage    Failure   Level
 Magic Dart               Conj           0%         1d3       73%         1
 Sting                    Tmut/Pois      0%         1d3       73%         1
 Call Imp                 Summ           0%         N/A       86%         2
 Poisonous Vapours        Pois/Air       0%         N/A       86%         2
 Mephitic Cloud           Conj/Pois/Air  0%         N/A       97%         3
 Olgreb's Toxic Radiance  Pois           0%         N/A       100%        4


Dungeon Overview and Level Annotations

Branches:
Dungeon (5/15)
 Temple: D:4-7

Altars:
Qazlal
The Shining One

Shops:
D:1 *   D:5 =:


Message History

The wight is almost destroyed.
The wight barely misses you. The wight hits you with a +3 dagger!
You hit the wight but do no damage.
The wight is almost destroyed.
The wight hits you with a +3 dagger.
You feel drained.
You barely miss the wight.
The wight is almost destroyed.
You block the wight's attack.
You barely miss the wight.
The wight is almost destroyed.
The wight barely misses you.
You hit the wight but do no damage.
The wight is almost destroyed.
The wight hits you with a +3 dagger.
You hit the wight.
You destroy the wight!
Your life force feels restored.
Your Long Blades skill increases to level 5! 2 orcs and a wight come into view.
Found 25 bolts.
Items here: ))) [[[ †.
There are monsters nearby!
An orc is nearby!
You hit the orc.
You kill the orc!
You closely miss the wight. The wight barely misses you.
You hit the wight but do no damage. The wight hits you with a +5 war axe.
You feel drained.
You barely miss the wight. You block the wight's attack.
You hit the wight but do no damage. The wight closely misses you.
You barely miss the wight. The wight hits you with a +5 war axe.
You feel drained.
You barely miss the wight. The wight misses you.
You closely miss the wight. The wight hits you with a +5 war axe!
* * * LOW HITPOINT WARNING * * *
You feel drained. The wight closely misses you.
You completely miss the wight. The wight hits you with a +5 war axe!
* * * LOW HITPOINT WARNING * * *
You closely miss the wight. The wight hits you with a +5 war axe!
You die...

#### ##### #
####........# #
#........##.# #
#.##.###.##.# #
#.##........###
#######.##......[....
#.oz@..........##.###
#.#####.##.....##.# #
#.# #.##........# #
#o# #........##.# #
#z# ####.#.####.# #
#.# #.#+####.# .o.
#........# .#.#.
##.....#### z......
##.......## #


You could see a wight and an orc.

Vanquished Creatures
  2 scorpions (D:4)
  2 wights (D:5)
  A jelly (D:5)
  An orc priest (D:3)
  A scorpion zombie (D:5)
  Ijyb (D:4)
  4 orc wizards
  An iguana (D:5)
  A hound skeleton (D:4)
  5 adders
  3 dart slugs
  20 orcs
  3 bats (D:3)
  2 endoplasms
  A giant cockroach (D:3)
  7 goblins
  3 hobgoblins
  3 jackals (D:4)
  2 quokkas
  3 ball pythons
  2 frilled lizards
  2 kobolds
  5 rats
75 creatures vanquished.

Notes
Turn   | Place    | Note
-------+----------+-------------------------------------------
     0 | D:1      | leviel the Hill Orc Fighter began the quest for the Orb.
     0 | D:1      | Reached XP level 1. HP: 19/19 MP: 1/1
   170 | D:1      | Found Yteis's Assorted Antiques.
   515 | D:1      | Reached XP level 2. HP: 24/27 MP: 2/2
   730 | D:2      | Reached skill level 4 in Fighting
   763 | D:2      | Reached XP level 3. HP: 15/33 MP: 3/3
  1546 | D:3      | Reached XP level 4. HP: 25/40 MP: 4/4
  1871 | D:3      | Reached XP level 5. HP: 16/47 MP: 5/5
  1880 | D:3      | Reached skill level 5 in Fighting
  3231 | D:4      | Reached XP level 6. HP: 51/56 MP: 6/6
  3361 | D:4      | Noticed Ijyb
  3364 | D:4      | Killed Ijyb
  3455 | D:4      | Reached skill level 5 in Armour
  3460 | D:4      | Found a glowing golden altar of the Shining One.
  3928 | D:5      | Entered Level 5 of the Dungeon
  3945 | D:5      | Found a stormy altar of Qazlal.
  3958 | D:5      | Found Joupu's Jewellery Shoppe.
  3975 | D:5      | Reached XP level 7. HP: 54/62 MP: 7/7
  4136 | D:5      | Found Koxkidog's Book Shoppe.
  4147 | D:5      | Reached skill level 6 in Fighting
  4264 | D:5      | Reached skill level 5 in Long Blades
  4283 | D:5      | Slain by a wight

Illustrated notes

Levels and vault maps discovered:
D:1:      matt_arrival_los_fun, layout_basic, serial_shops, nicolae_shop_crystal
D:2:      layout_basic
D:3:      layout_basic, grunt_ministairs_14
D:4:      layout_basic, nicolae_tso_carved_into_rock, uniq_ijyb
D:5:      layout_loops_corners, nicolae_qazlal_eye_of_the_storm,
          minmay_temple_entry_grid, serial_shops, shop, shop,
          nicolae_shop_overgrown_old_shop, nicolae_shop_stone

Skill      XL: |  1  2  3  4  5  6  7 |
---------------+----------------------+-----
Fighting       | 4 5 6 |  6.2
Long Blades    | 3 4 5 |  5.0
Armour         | 4 5 |  5.6
Shields        | 4 |  4.0

Action                   |  1- 3 |  4- 6 |  7- 9 || total
-------------------------+-------+-------+-------++-------
Melee: Long sword        |    64 |   144 |    46 ||   254
  Use: Potion            |     2 |     1 |       ||     3
       Scroll            |     3 |     4 |       ||     7
Armor: Scale mail        |    52 |    50 |     2 ||   104
Dodge: Dodged            |    22 |    57 |    16 ||    95
Block: Buckler           |    13 |    39 |    13 ||    65

Table legend: (Time is in decaauts)
 A = Elapsed time spent in this place.
 B = Non-inter-level travel time spent in this place.
 C = Inter-level travel time spent in this place.
 D = Time resting spent in this place.
 E = Time spent auto-exploring this place.
 F = Levels seen in this place.
 G = Mean time per level.
                   A        B        C        D        E       F      G
               +--------+--------+--------+--------+--------+-----+--------+
         Total |   4317 |   4200 |    117 |    452 |   3214 |   5 |  863.4 |
       Dungeon |   4317 |   4200 |    117 |    452 |   3214 |   5 |  863.4 |
               +--------+--------+--------+--------+--------+-----+--------+

Top non-repeatable levels by time:
     D:3: 1276 daAuts
     D:4: 1154 daAuts
     D:2: 794 daAuts
     D:1: 730 daAuts
     D:5: 361 daAuts
